AoeStats
← Long John Silver

Black Forest

505733408Analyzed
4v4 RM · 22d ago on Sep 10, 2026· 64m 52s· 8 players
Game mode
Random Map
Map size
Large (8 player)
Population
200
Speed
Normal
Resources
Standard
Victory
Conquest
Starting age
Dark Age
Ending age
Imperial Age
RankedLock teamsTeams togetherTeam positionsShared explorationLock speedFull tech treeHidden civsTurbo modeCheats
Victory
Defeat
🇹🇷 Cumans · Türkiye
1471
+15
🇹🇷 Franks · Türkiye
1378
+18
🇹🇷 Khmer · Türkiye
1370
+19
🇹🇷 Britons · Türkiye
1273
+23
🇺🇸 Poles · United States
1459
-20
🇫🇷 Italians · France
1454
-20
🇩🇪 Saracens · Germany
1419
-18
🇹🇷 Franks · Türkiye
1384
-17
Jack Tyler
0:30 Loom
10:43 Feudal Age
11:35 Double-Bit Axe
12:53 Horse Collar
20:50 Castle Age
21:28 Wheelbarrow
22:26 Heavy Plow
22:44 Bow Saw
23:28 Husbandry
23:39 Bloodlines
24:27 Masonry
Lothwen
11:43 Feudal Age
15:16 Castle Age
13:05 Double-Bit Axe
26:06 Scale Barding Armor
Rocgash
0:37 Loom
11:09 Feudal Age
13:10 Fletching
23:40 Castle Age
23:10 Padded Archer Armor
24:16 Bodkin Arrow
23:43 Crossbowman
26:45 Thumb Ring
27:25 Ballistics
Long John Silver
10:50 Feudal Age
15:02 Castle Age
14:39 Double-Bit Axe
14:45 Horse Collar
16:18 Bow Saw
22:28 Wheelbarrow
24:33 Hand Cart
24:04 Loom
24:04 Town Watch
24:47 Stone Mining
25:58 Scale Barding Armor
26:02 Heavy Plow
25:52 Gold Mining
27:40 Gold Shaft Mining
27:26 Chain Barding Armor
27:17 Forging
28:31 Bloodlines
28:21 Husbandry
31:12 Imperial Age
30:42 Iron Casting
32:15 Conscription
31:15 Elite Mameluke
32:33 Plate Barding Armor
33:07 Blast Furnace
34:33 Two-Man Saw
34:48 Caravan
39:32 Chemistry
38:52 Ballistics
38:24 Fletching
40:07 Bodkin Arrow
40:23 Masonry
41:31 Bracer
41:52 Counterweights
41:49 Siege Engineers
41:46 Arson
48:17 Onager
51:06 Siege Onager
53:17 Light Cavalry
54:24 Capped Ram
54:51 Hussar
GdR_!nF@Z
3:50 Loom
13:18 Feudal Age
17:39 Castle Age
21:31 Fletching
21:38 Double-Bit Axe
37:38 Bodkin Arrow
39:03 Wheelbarrow
38:14 Town Watch
38:28 Crossbowman
39:09 Padded Archer Armor
40:55 Gold Mining
40:46 Elite Skirmisher
41:39 Elite Skirmisher
43:39 Leather Archer Armor
44:48 Masonry
45:38 Stone Mining
46:00 Bow Saw
45:32 Horse Collar
46:49 Ballistics
47:55 Heavy Plow
51:24 Hand Cart
55:24 Imperial Age
53:10 Hand Cart
54:47 Caravan
56:29 Scale Barding Armor
56:26 Bracer
57:00 Architecture
57:48 Chemistry
62:50 Ring Archer Armor
62:52 Architecture
63:49 Coinage
GdR_Zasha
9:05 Feudal Age
11:14 Double-Bit Axe
11:26 Horse Collar
17:52 Wheelbarrow
21:21 Castle Age
19:29 Scale Barding Armor
19:29 Gold Mining
20:30 Forging
21:16 Bloodlines
22:46 Chain Barding Armor
23:37 Iron Casting
23:31 Bow Saw
31:19 Gold Shaft Mining
35:01 Imperial Age
32:16 Loom
34:06 Hand Cart
35:04 Cavalier
36:27 Plate Barding Armor
37:31 Paladin
40:34 Blast Furnace
40:21 Caravan
43:42 Coinage
53:51 Light Cavalry
55:08 Hussar
GdR_halo
0:33 Loom
10:44 Feudal Age
15:55 Castle Age
15:57 Double-Bit Axe
21:05 Horse Collar
25:20 Bow Saw
27:30 Wheelbarrow
28:00 Padded Archer Armor
27:53 Fletching
32:50 Imperial Age
30:56 Husbandry
31:14 Bloodlines
32:13 Hand Cart
33:47 Bodkin Arrow
34:38 Bracer
35:14 Leather Archer Armor
34:48 Elite Skirmisher
37:23 Ring Archer Armor
37:54 Chemistry
38:46 Ballistics
39:55 Crossbowman
42:56 Arbalester
47:42 Capped Ram
48:33 Siege Ram
51:51 Conscription
60:13 Masonry
60:53 Light Cavalry
61:39 Scale Barding Armor
61:45 Forging
61:34 Hussar
62:59 Chain Barding Armor
65:14 Iron Casting
65:15 Plate Barding Armor
GdR_Bozadam
3:31 Loom
11:49 Feudal Age
17:02 Castle Age
14:58 Double-Bit Axe
17:09 Gold Mining
18:43 Scale Barding Armor
18:49 Forging
21:34 Wheelbarrow
29:22 Imperial Age
27:15 Chain Barding Armor
27:32 Bow Saw
28:07 Gold Shaft Mining
28:29 Iron Casting
31:32 Plate Barding Armor
34:38 Blast Furnace
35:08 Hand Cart
34:30 Cavalier
35:11 Husbandry
36:15 Paladin
37:01 Town Watch
45:40 Fletching
45:50 Padded Archer Armor
46:35 Conscription
46:22 Elite Skirmisher
47:10 Bodkin Arrow
47:31 Leather Archer Armor
47:33 Town Patrol
49:50 Chemistry
50:28 Ballistics
50:29 Masonry
56:38 Stone Mining
63:03 Spies/Treason
Connection lost

Rejoining the realm…

Still unreachable

The connection could not be restored.

Session expired

The server has moved on; the page needs a fresh start.